Map: Cosmic Sapphire

Players

RiSky

  • Race: Zerg Zerg
  • Spawn Location: 11:00

MeomaikA - Winner!

  • Race: Zerg Zerg
  • Spawn Location: 5:00

Event: DreamHack SC2 Masters 2022 Atlanta (Online)

VOD

Have the link to the VOD?

Description

Time

  • Played on: Sept. 28, 2022, 6:57 a.m.
  • Length: 10:44

All games in this series

Show
View Real Time Build Order
Export as new Build Order

RiSky Zerg 

Build Orders: Hatch First 

Get SALT Encoding   

  12  0:00  Drone  
  13  0:12  Overlord  
  13  0:17  Drone  
  14  0:30  Drone x2  
  16  0:48  Hatchery  
  15  0:50  Drone  
  15  0:54  Drone  
  17  0:58  Drone  
  18  1:08  Extractor  
  17  1:12  Spawning Pool  
  17  1:16  Drone  
  17  1:19  Drone  
  18  1:27  Drone  
  19  1:38  Drone  
  20  1:51  Drone  
  21  2:00  Queen  
  21  2:01  Queen  
  23  2:03  Overlord  
  23  2:04  Zergling x2  
  26  2:11  Zergling x2  
  26  2:13  Drone  
  28  2:22  Drone x2  
  30  2:32  Drone x2  
  30  2:36  Queen x2  
  34  2:44  Overlord  
  36  2:45  Overlord  
  36  2:50  Evolution Chamber  
  35  2:53  Drone  
  36  3:05  Drone x3  
  38  3:06  Roach Warren  
  38  3:09  Drone  
  38  3:11  Drone x2  
  38  3:12  Drone  
  41  3:16  Drone  
  42  3:23  Lair  
  42  3:27  Drone  
  42  3:32  Zerg Missile Weapons Level 1  
  42  3:34  Evolution Chamber  
  41  3:37  Overlord  
  41  3:38  Drone  
  42  3:43  Drone  
  42  3:47  Drone, Extractor  
  42  3:48  Drone x4  
  47  3:52  Drone x2  
  47  3:54  Drone  
  50  3:57  Drone, Extractor  
  50  3:58  Extractor  
  50  4:00  Drone  
  50  4:03  Overlord  
  50  4:09  Drone  
  51  4:12  Overlord  
  51  4:15  Overlord  
  51  4:16  Overlord  
  51  4:18  Drone  
  51  4:23  Roach x3  
  58  4:30  Spire  
  57  4:33  Roach  
  59  4:39  Roach x2  
  59  4:41  Roach  
  59  4:42  Overlord  
  63  4:46  Drone  
  63  4:48  Drone  
  63  4:50  Glial Reconstitution  
  65  4:59  Ravager  
  65  5:12  Hatchery  
  64  5:15  Overlord x2  
  64  5:16  Overseer  
  64  5:42  Mutalisk x5  
  64  5:47  Roach x4  
  82  5:52  Overlord  
  82  5:57  Roach x2  
  82  5:58  Roach x3  
  92  6:04  Spine Crawler  
  92  6:05  Spine Crawler x2  
  92  6:06  Roach x3  
  97  6:11  Roach  
  97  6:14  Evolution Chamber  
  97  6:15  Roach  
  98  6:20  Roach  
  98  6:24  Roach x3  
  107  6:28  Mutalisk  
  97  6:43  Mutalisk  
  89  6:51  Roach x6  
  81  6:56  Roach x2  
  69  7:19  Mutalisk x2  
  69  7:20  Queen x2  
  73  7:25  Drone  
  73  7:26  Drone x7  
  81  7:35  Overlord  
  79  7:37  Mutalisk x2  
  79  7:40  Mutalisk, Extractor  
  84  7:50  Extractor  
  83  7:53  Mutalisk  
  83  7:54  Drone  
  83  7:55  Drone  
  83  7:56  Queen  
  89  8:10  Roach Warren  
  88  8:15  Mutalisk  
  94  8:20  Overlord x2  
  94  8:24  Overlord x2  
  90  8:50  Roach x12  
  90  8:54  Roach  
  116  9:01  Roach  
  118  9:03  Roach  
  118  9:06  Roach x3  
  118  9:07  Roach  
  130  9:10  Roach  
  130  9:12  Ravager  
  130  9:13  Ravager  
  130  9:16  Roach x2  
  136  9:22  Roach x2  
  136  9:24  Ravager  
  141  9:31  Roach  
  141  9:32  Roach  
  141  9:35  Drone  
  141  9:36  Overlord x2  
  146  9:42  Overlord  
  146  9:43  Overlord  
  146  9:52  Overlord  
  146  9:54  Ravager  
  146  9:55  Ravager x5  
  146  9:58  Overlord x2  
  152  10:05  Roach x3  
  116  10:20  Roach x5  
  86  10:24  Roach  
Show
View Real Time Build Order
Export as new Build Order

MeomaikA Zerg - Winner!

Build Orders: Pool First, Roach Hydra 

Get SALT Encoding   

  12  0:00  Drone  
  13  0:12  Overlord  
  13  0:16  Drone  
  14  0:31  Drone x2  
  14  0:34  Drone  
  17  0:43  Spawning Pool  
  17  0:49  Drone  
  17  1:09  Hatchery  
  17  1:10  Drone  
  17  1:13  Drone  
  17  1:17  Drone  
  19  1:20  Extractor  
  18  1:29  Drone  
  18  1:30  Queen  
  21  1:40  Drone  
  22  1:50  Overlord  
  22  2:08  Queen, Drone  
  24  2:11  Drone  
  26  2:20  Queen  
  26  2:21  Drone  
  26  2:22  Metabolic Boost, Drone  
  30  2:32  Drone x2  
  32  2:39  Drone x2  
  32  2:40  Drone  
  32  2:42  Overlord  
  35  2:44  Drone  
  36  2:54  Overlord  
  36  3:03  Roach Warren  
  36  3:05  Zergling x4  
  36  3:06  Zergling x2  
  36  3:12  Zergling x6  
  41  3:16  Zergling x2  
  41  3:18  Zergling x6  
  45  3:31  Drone x2  
  47  3:38  Drone  
  48  3:41  Drone x3  
  48  3:42  Drone, Hatchery  
  51  3:50  Overlord  
  51  3:51  Drone  
  51  3:54  Overlord  
  52  4:01  Evolution Chamber  
  51  4:03  Lair  
  51  4:06  Extractor  
  51  4:07  Drone x2  
  51  4:09  Drone x2  
  54  4:12  Drone x2  
  56  4:20  Drone x3  
  59  4:25  Roach, Overlord  
  59  4:26  Roach  
  59  4:28  Zerg Missile Weapons Level 1  
  59  4:29  Drone  
  64  4:35  Extractor  
  64  4:36  Roach x2  
  67  4:41  Overlord  
  67  4:43  Overlord  
  67  4:49  Roach x2  
  67  4:52  Roach  
  73  4:54  Roach  
  73  4:56  Roach  
  77  5:01  Glial Reconstitution  
  77  5:05  Roach  
  77  5:06  Drone x2  
  81  5:14  Drone x5  
  84  5:16  Drone  
  84  5:20  Overlord  
  87  5:21  Drone x2  
  87  5:22  Extractor  
  87  5:26  Drone, Overlord  
  89  5:29  Overlord  
  89  5:33  Roach x2  
  89  5:34  Drone  
  94  5:39  Roach x2  
  96  5:44  Roach x3  
  96  5:48  Roach  
  102  5:51  Roach x2  
  102  5:52  Roach  
  102  5:55  Roach x2  
  114  5:57  Roach  
  114  6:00  Roach  
  114  6:03  Roach x3  
  122  6:11  Overlord x2  
  122  6:14  Extractor  
  121  6:18  Overlord  
  121  6:22  Queen  
  121  6:23  Hydralisk Den  
  122  6:28  Spore Crawler, Queen  
  122  6:30  Roach  
  120  6:37  Roach x4  
  120  6:38  Drone, Roach x2  
  120  6:39  Drone  
  127  6:44  Spore Crawler  
  127  6:45  Roach  
  122  6:47  Roach  
  122  6:48  Roach  
  122  6:50  Roach  
  120  6:54  Hydralisk  
  120  7:00  Drone x2  
  120  7:01  Drone x3  
  115  7:09  Drone  
  115  7:10  Drone x6  
  112  7:16  Muscular Augments  
  112  7:17  Spore Crawler  
  112  7:21  Spore Crawler, Zerg Missile Weapons Level 2  
  94  7:31  Hydralisk x2  
  94  7:32  Hydralisk x2  
  94  7:36  Hydralisk  
  104  7:37  Hydralisk  
  104  7:39  Hydralisk  
  104  7:42  Hydralisk  
  110  7:44  Hydralisk  
  110  7:46  Roach  
  110  7:48  Roach  
  110  7:50  Roach  
  120  7:51  Roach  
  120  7:53  Roach  
  120  7:55  Roach  
  120  7:57  Roach  
  126  7:59  Roach  
  126  8:01  Roach  
  126  8:02  Roach  
  126  8:05  Roach  
  134  8:07  Overlord x2  
  134  8:23  Overlord x3  
  134  8:28  Roach x2  
  134  8:31  Grooved Spines  
  138  8:34  Hatchery  
  138  8:38  Overlord  
  137  8:43  Roach x2  
  137  8:45  Roach  
  137  8:46  Roach x5  
  153  8:57  Roach  
  153  8:58  Roach x3  
  153  9:01  Overlord  
  153  9:02  Overlord  
  161  9:05  Overlord  
  161  9:11  Overlord  
  161  9:18  Overlord  
  161  9:19  Overlord  
  161  9:20  Hydralisk x4  
  161  9:23  Hydralisk x3  
  171  9:27  Roach  
  171  9:29  Roach  
  171  9:30  Extractor  
  174  9:31  Roach  
  174  9:32  Roach  
  174  9:35  Roach  
  174  9:37  Roach  
  184  9:38  Roach  
  184  9:41  Roach  
  184  9:43  Roach  
  184  9:45  Roach  
  188  9:46  Roach  
  188  9:49  Roach  
  188  9:51  Roach  
  194  9:52  Roach  
  194  9:54  Roach  
  194  9:57  Roach  
  176  10:13  Roach x2  
  160  10:17  Overlord  
  160  10:18  Overlord x5  
  160  10:19  Overlord  
  144  10:22  Overlord  
Tags
 
Add a new tag
Caveats
  • Supply blocks, unpowered buildings, or Contaminate may cause inaccurate times.
  • Supply counts are checked every 10 seconds.